[Event "XII Paracin Festival 2019"]
[Site "Paracin"]
[Date "2019.07.09"]
[Round "6.18"]
[White "Gandhi, Anish"]
[Black "Djordjevic, Vuk"]
[Result "0-1"]
[ECO "C03"]
[WhiteElo "2167"]
[BlackElo "2412"]
[Annotator "NA"]
[PlyCount "130"]
[EventDate "2019.07.05"]
[EventType "swiss"]
[EventCountry "SRB"]
[SourceTitle "playchess.com"]
[Source "ChessBase"]
[SourceQuality "1"]
[TimeControl "5400+30"]

1. e4 e6 2. d4 d5 3. Nd2 a6 4. Ngf3 c5 5. exd5 exd5 6. Qe2+ Be7 7. dxc5 Nf6 8. Nb3 O-O 9. Be3 a5 10. a4 Na6 11. Qd1 Ne4 12. Be2 Naxc5 13. Nxc5 Nxc5 14. O-O Bf5 15. Nd4 Be4 16. Nb5 Rc8 17. Nc3 Ne6 18. Nxe4 dxe4 19. Qxd8 Rfxd8 20. c3 Bc5 21. Rfd1 Bxe3 22. fxe3 g6 23. Rxd8+ Rxd8 24. Rd1 Rxd1+ 25. Bxd1 Kg7 26. b4 b6 27. Bb3 Nc7 28. g4 f5 29. gxf5 gxf5 30. Kf2 Kf6 31. Kg3 Na6 32. bxa5 bxa5 33. Bc4 Nc5 34. Bb5 Ke5 35. c4 Nd3 36. Bd7 Nc5 37. Bb5 Ke6 38. h4 Nd3 39. Be8 Ke7 40. Bb5 Kd6 41. Be8 Ke7 42. Bb5 h6 43. Ba6 Kd6 44. h5 Ke5 45. Bb5 Kf6 46. Bd7 Kg5 47. Be8 Nc5 48. Kf2 Kg4 49. Ke2 Kg3 50. Bb5 Kg4 51. Be8 Nd3 52. Bf7 Nc5 53. Be8 f4 54. exf4 Kxf4 55. Bc6 e3 56. Be8 Ke4 57. Bc6+ Kd4 58. Be8 Nd3 59. Bb5 Nf4+ 60. Kf3 Nxh5 61. c5 Nf6 62. c6 Nd5 63. Kg4 Kc5 64. Kf5 Kd6 65. Ke4 Nc3+ 0-1

[Event "XII Paracin Festival 2019"]
[Site "Paracin"]
[Date "2019.07.09"]
[Round "6.19"]
[White "Gan-Od, Sereenen"]
[Black "Lee, Jun Hyeok"]
[Result "1/2-1/2"]
[ECO "A40"]
[WhiteElo "2294"]
[BlackElo "2383"]
[Annotator "NA"]
[PlyCount "118"]
[EventDate "2019.07.05"]
[EventType "swiss"]
[EventCountry "SRB"]
[SourceTitle "playchess.com"]
[Source "ChessBase"]
[SourceQuality "1"]
[TimeControl "5400+30"]

1. d4 e6 2. Nf3 f5 3. d5 Bb4+ 4. c3 Bd6 5. dxe6 dxe6 6. e4 fxe4 7. Qa4+ Nc6 8. Bg5 Be7 9. Bxe7 Qxe7 10. Qxe4 Nf6 11. Qh4 e5 12. Bb5 Bd7 13. O-O O-O-O 14. Nbd2 e4 15. Rfe1 Rhe8 16. Bxc6 Bxc6 17. Nd4 Bd5 18. Nf1 g6 19. a4 c5 20. Nc2 Bc4 21. Ng3 Bd3 22. Ne3 Qe6 23. b4 Kb8 24. bxc5 Rc8 25. Ne2 Qe5 26. a5 a6 27. Ra4 Rxc5 28. Rb4 Bxe2 29. Rxe2 Rxc3 30. g3 g5 31. Qh6 Nd5 32. Nxd5 Qxd5 33. Rb1 e3 34. f4 g4 35. Qg7 Rec8 36. Rbe1 h5 37. Qe5+ Qxe5 38. fxe5 R3c5 39. Rxe3 Re8 40. e6 Rxa5 41. Rf1 Kc7 42. Rf7+ Kc6 43. Re1 Rc5 44. h3 gxh3 45. Kh2 a5 46. Kxh3 a4 47. Re3 b5 48. Ra7 Kb6 49. Rd7 Rc6 50. e7 Rc7 51. Re6+ Rc6 52. Re5 b4 53. Rd8 Rc8 54. Rd6+ Kc7 55. Ree6 Rb8 56. Rc6+ Kd7 57. Rcd6+ Kc7 58. Rc6+ Kd7 59. Rcd6+ Kc7 1/2-1/2

[Event "XII Paracin Festival 2019"]
[Site "Paracin"]
[Date "2019.07.09"]
[Round "6.20"]
[White "Sanal, Vahap"]
[Black "Boldoo, Erdenepurev"]
[Result "1-0"]
[ECO "B46"]
[WhiteElo "2520"]
[BlackElo "2295"]
[Annotator "ChessBase"]
[PlyCount "66"]
[EventDate "2019.07.05"]
[EventType "swiss"]
[EventCountry "SRB"]
[SourceTitle "playchess.com"]
[Source "ChessBase"]
[SourceQuality "1"]
[TimeControl "5400+30"]

1. e4 c5 2. Nf3 e6 3. d4 cxd4 4. Nxd4 Nc6 5. Nc3 a6 6. g3 Qc7 7. Bg2 d6 8. O-O Be7 9. Nxc6 bxc6 10. Na4 Nf6 11. c4 e5 12. b3 O-O 13. Bb2 Bg4 14. Qd2 Rab8 15. f4 exf4 16. gxf4 Nd7 17. Rae1 Bh4 18. Qd4 f6 19. Re3 Nb6 20. Nxb6 Qxb6 21. Qd3 f5 22. h3 Bh5 23. exf5 Bf6 24. Bxf6 Rxf6 25. Kh2 Rbf8 26. Re6 Qc5 27. Rxf6 Rxf6 28. Qe4 Qxf5 29. Qxf5 Rxf5 30. Bxc6 Bf7 31. Kg3 Rc5 32. Bb7 d5 33. Rd1 Kf8 1-0

[Event "XII Paracin Festival 2019"]
[Site "Paracin"]
[Date "2019.07.09"]
[Round "6.21"]
[White "Tan, Justin"]
[Black "Raghavi, N.."]
[Result "1-0"]
[ECO "A05"]
[WhiteElo "2513"]
[BlackElo "2290"]
[Annotator "ChessBase"]
[PlyCount "73"]
[EventDate "2019.07.05"]
[EventType "swiss"]
[EventCountry "SRB"]
[SourceTitle "playchess.com"]
[Source "ChessBase"]
[SourceQuality "1"]
[TimeControl "5400+30"]

1. Nf3 Nf6 2. c4 g6 3. b3 Bg7 4. Bb2 d6 5. d4 O-O 6. g3 Nbd7 7. Bg2 Re8 8. O-O c6 9. Nc3 e5 10. dxe5 dxe5 11. Nd2 Nc5 12. b4 Ne6 13. Nde4 Nxe4 14. Nxe4 Qe7 15. c5 a5 16. a3 Nd4 17. e3 Nb5 18. Qc2 Bf5 19. Qe2 axb4 20. axb4 h5 21. Nc3 Nc7 22. h3 Na6 23. Ra4 Red8 24. Ne4 b5 25. cxb6 Nxb4 26. Rfa1 Rxa4 27. Rxa4 Rb8 28. Ra7 Qf8 29. Ng5 f6 30. Qc4+ Kh8 31. e4 fxg5 32. exf5 Rxb6 33. fxg6 Nd5 34. Bxe5 Rb1+ 35. Kh2 Ne7 36. Ra8 Qxa8 37. Bxg7+ 1-0

[Event "XII Paracin Festival 2019"]
[Site "Paracin"]
[Date "2019.07.09"]
[Round "6.22"]
[White "Apaydin, Fethi"]
[Black "Pikula, Dejan"]
[Result "0-1"]
[ECO "B25"]
[WhiteElo "2310"]
[BlackElo "2447"]
[Annotator "NA"]
[PlyCount "112"]
[EventDate "2019.07.05"]
[EventType "swiss"]
[EventCountry "SRB"]
[SourceTitle "playchess.com"]
[Source "ChessBase"]
[SourceQuality "1"]
[TimeControl "5400+30"]

1. e4 d6 2. Nc3 g6 3. g3 Bg7 4. Bg2 c5 5. d3 Nc6 6. f4 e6 7. Nf3 Nge7 8. O-O O-O 9. Be3 Nd4 10. e5 dxe5 11. fxe5 Nef5 12. Bf2 Nxf3+ 13. Qxf3 Bxe5 14. Bxc5 Bd4+ 15. Bxd4 Qxd4+ 16. Rf2 Bd7 17. Qf4 Rac8 18. Ne4 Bc6 19. Re1 Bxe4 20. dxe4 e5 21. Qc1 Ng7 22. c3 Qb6 23. Ref1 Rcd8 24. Kh1 Rd6 25. Qg5 f6 26. Qh6 Qd8 27. Bf3 Qd7 28. Qe3 b6 29. Be2 Qc6 30. Bd1 Nf5 31. Bb3+ Kg7 32. Qf3 Ne7 33. h4 h5 34. g4 hxg4 35. Qxg4 Qd7 36. Qxd7 Rxd7 37. Kg2 Rd6 38. Kg3 f5 39. exf5 Nxf5+ 40. Kh3 Rd3+ 41. Rf3 Rxf3+ 42. Rxf3 Rh8 43. Rd3 Rxh4+ 44. Kg2 e4 45. Rd7+ Kf6 46. Rxa7 e3 47. Ra6 Rf4 48. Rxb6+ Kg5 49. Bd1 Rf2+ 50. Kh3 Rd2 51. Bf3 Kf4 52. Bg4 Nd6 53. Rb4+ Ne4 54. a4 e2 55. Bxe2 Rxe2 56. a5 g5 0-1

[Event "XII Paracin Festival 2019"]
[Site "Paracin"]
[Date "2019.07.09"]
[Round "6.23"]
[White "Radovanovic, Nikola"]
[Black "Risteski, Emil"]
[Result "1/2-1/2"]
[ECO "D00"]
[WhiteElo "2431"]
[BlackElo "2150"]
[Annotator "NA"]
[PlyCount "44"]
[EventDate "2019.07.05"]
[EventType "swiss"]
[EventCountry "SRB"]
[SourceTitle "playchess.com"]
[Source "ChessBase"]
[SourceQuality "1"]
[TimeControl "5400+30"]

1. d4 d5 2. Bf4 Nf6 3. e3 c5 4. Nf3 Nc6 5. Nbd2 cxd4 6. exd4 Qb6 7. Nb3 Bg4 8. h3 Bh5 9. g4 Bg6 10. Nh4 e6 11. Nxg6 hxg6 12. Bg2 Be7 13. c3 Rc8 14. O-O Na5 15. Nxa5 Qxa5 16. Qb3 b5 17. a3 O-O 18. Rfe1 Qb6 19. Bf1 a6 20. a4 Bd6 21. Be3 Rb8 22. axb5 axb5 1/2-1/2

[Event "XII Paracin Festival 2019"]
[Site "Paracin"]
[Date "2019.07.09"]
[Round "6.24"]
[White "Ivanovic, Marko"]
[Black "Nie, Xinyang"]
[Result "0-1"]
[ECO "C96"]
[WhiteElo "2267"]
[BlackElo "2375"]
[Annotator "NA"]
[PlyCount "147"]
[EventDate "2019.07.05"]
[EventType "swiss"]
[EventCountry "SRB"]
[SourceTitle "playchess.com"]
[Source "ChessBase"]
[SourceQuality "1"]
[TimeControl "5400+30"]

1. e4 e5 2. Nf3 Nc6 3. Bb5 a6 4. Ba4 Nf6 5. O-O b5 6. Bb3 Be7 7. Re1 d6 8. c3 O-O 9. h3 Na5 10. Bc2 c5 11. d4 Nd7 12. Nbd2 Nc6 13. d5 Na5 14. Nf1 Nc4 15. Ng3 g6 16. b3 Ncb6 17. Bh6 Re8 18. Qd2 a5 19. Nh2 Nf6 20. Rf1 Kh8 21. f4 Ng8 22. Bg5 f6 23. fxe5 fxg5 24. e6 Ra7 25. Rf7 Nh6 26. Rf2 Bf6 27. Raf1 Be5 28. Ne2 Ng8 29. Ng4 Bg7 30. Rf7 Rb7 31. Bd3 b4 32. c4 Na8 33. Ng3 Rc7 34. Kh1 Bxe6 35. dxe6 Rxe6 36. Be2 Rxf7 37. Rxf7 Nc7 38. e5 h5 39. Nf2 Rxe5 40. Nd3 Re8 41. Nxc5 dxc5 42. Qxd8 Rxd8 43. Rxc7 Be5 44. Rxc5 Bxg3 45. Rxg5 Bf4 46. Rxa5 Re8 47. g3 Bc7 48. Rc5 Bxg3 49. Bd3 Ne7 50. Rg5 Bf4 51. Bxg6 Bxg5 52. Bxe8 h4 53. Kg2 Kg7 54. Kf3 Kf6 55. Ke4 Ke6 56. Bh5 Kd6 57. Bf7 Bc1 58. Kd3 Nc6 59. Bd5 Ne5+ 60. Kc2 Be3 61. Be4 Bc5 62. Bd5 Ng6 63. Bf3 Ke5 64. Bg4 Kf4 65. Kd2 Kg3 66. Bc8 Nf4 67. Bd7 Nxh3 68. Kd3 Nf2+ 69. Ke2 h3 70. Bxh3 Nxh3 71. Kd2 Kf3 72. a3 bxa3 73. Kc3 Bd4+ 74. Kxd4 0-1

[Event "XII Paracin Festival 2019"]
[Site "Paracin"]
[Date "2019.07.09"]
[Round "6.25"]
[White "Tanriverdi, Enes"]
[Black "Vafin, Ayrat"]
[Result "1/2-1/2"]
[ECO "D56"]
[WhiteElo "2374"]
[BlackElo "2213"]
[Annotator "NA"]
[PlyCount "95"]
[EventDate "2019.07.05"]
[EventType "swiss"]
[EventCountry "SRB"]
[SourceTitle "playchess.com"]
[Source "ChessBase"]
[SourceQuality "1"]
[TimeControl "5400+30"]

1. d4 d5 2. c4 e6 3. Nc3 Be7 4. Nf3 Nf6 5. Bg5 O-O 6. e3 h6 7. Bh4 Ne4 8. Bxe7 Qxe7 9. Rc1 c6 10. Bd3 Nxc3 11. Rxc3 dxc4 12. Rxc4 Nd7 13. O-O e5 14. Bc2 Nb6 15. Rc5 Nd7 16. Rc3 Re8 17. e4 exd4 18. Nxd4 Nf8 19. Rd3 Be6 20. b3 Red8 21. f4 c5 22. Nxe6 fxe6 23. e5 Rxd3 24. Qxd3 Rd8 25. Qe3 Rd4 26. Rd1 Rxd1+ 27. Bxd1 Qd7 28. Bc2 Qd5 29. g3 Kf7 30. h4 b6 31. Kf2 Ng6 32. Be4 Qd7 33. Ke2 Ne7 34. Qd3 Qxd3+ 35. Kxd3 Nd5 36. Kc4 Nc7 37. h5 Ke7 38. g4 Kf7 39. f5 Ke7 40. Bc6 Na6 41. a3 Nc7 42. Be4 Kf7 43. Bf3 Ke7 44. Bc6 Na6 45. Kb5 Nc7+ 46. Kc4 Na6 47. Kb5 Nc7+ 48. Kc4 1/2-1/2

[Event "XII Paracin Festival 2019"]
[Site "Paracin"]
[Date "2019.07.09"]
[Round "6.26"]
[White "Nandhidhaa, P V"]
[Black "Abramovic, Bosko"]
[Result "1-0"]
[ECO "B90"]
[WhiteElo "2259"]
[BlackElo "2373"]
[Annotator "NA"]
[PlyCount "79"]
[EventDate "2019.07.05"]
[EventType "swiss"]
[EventCountry "SRB"]
[SourceTitle "playchess.com"]
[Source "ChessBase"]
[SourceQuality "1"]
[TimeControl "5400+30"]

1. e4 c5 2. Nf3 d6 3. d4 cxd4 4. Nxd4 Nf6 5. Nc3 a6 6. Nb3 Nc6 7. Be3 g6 8. Nd5 Nd7 9. Qd2 Bg7 10. O-O-O O-O 11. h4 h5 12. g4 hxg4 13. h5 Nce5 14. hxg6 fxg6 15. Bh6 Nf7 16. Bxg7 Kxg7 17. Nf4 Nde5 18. Nd4 Kg8 19. f3 Re8 20. Qh2 e6 21. Bc4 Qg5 22. Kb1 Kf8 23. Nfxe6+ Bxe6 24. Nxe6+ Rxe6 25. Bxe6 gxf3 26. Bxf7 Nxf7 27. Qh3 Re8 28. Qxf3 Kg7 29. Rdf1 Re7 30. Qh3 Nh6 31. Rfg1 Qf4 32. Rf1 Qg5 33. Qc8 Rf7 34. Rxf7+ Nxf7 35. Qxb7 Qg2 36. Rd1 g5 37. Qxa6 g4 38. Qf1 Qxe4 39. Qd3 Qe6 40. a4 1-0

[Event "XII Paracin Festival 2019"]
[Site "Paracin"]
[Date "2019.07.09"]
[Round "6.27"]
[White "Raahul V S"]
[Black "O`Donnell, Conor"]
[Result "1/2-1/2"]
[ECO "A10"]
[WhiteElo "2251"]
[BlackElo "2341"]
[Annotator "NA"]
[PlyCount "30"]
[EventDate "2019.07.05"]
[EventType "swiss"]
[EventCountry "SRB"]
[SourceTitle "playchess.com"]
[Source "ChessBase"]
[SourceQuality "1"]
[TimeControl "5400+30"]

1. c4 g6 2. Nc3 c5 3. Nf3 Bg7 4. d4 cxd4 5. Nxd4 Nc6 6. e3 Nf6 7. Be2 O-O 8. O-O d5 9. cxd5 Nxd5 10. Nxc6 bxc6 11. Na4 Nb6 12. Nc5 Nd7 13. Na4 Nb6 14. Nc5 Nd7 15. Na4 Nb6 1/2-1/2

[Event "XII Paracin Festival 2019"]
[Site "Paracin"]
[Date "2019.07.09"]
[Round "6.28"]
[White "Ozkan, Taha"]
[Black "Audi Ameya"]
[Result "1/2-1/2"]
[ECO "A48"]
[WhiteElo "2140"]
[BlackElo "2328"]
[Annotator "NA"]
[PlyCount "90"]
[EventDate "2019.07.05"]
[EventType "swiss"]
[EventCountry "SRB"]
[SourceTitle "playchess.com"]
[Source "ChessBase"]
[SourceQuality "1"]
[TimeControl "5400+30"]

1. d4 Nf6 2. Nf3 g6 3. Nc3 d5 4. Bf4 Bg7 5. e3 O-O 6. Be2 c5 7. Ne5 cxd4 8. exd4 Nc6 9. Qd2 Nd7 10. Nxd5 Ndxe5 11. dxe5 Nxe5 12. Bg5 f6 13. Be3 e6 14. Nc3 Qxd2+ 15. Bxd2 Bd7 16. O-O-O Bc6 17. f3 Rfd8 18. Bf4 f5 19. Rhe1 Kf7 20. Rxd8 Rxd8 21. Bf1 Nd7 22. Bc4 Nf8 23. Nb5 Bxb5 24. Bxb5 Rd4 25. Be5 Bxe5 26. Rxe5 a6 27. Be2 Rh4 28. h3 Rd4 29. Rc5 g5 30. g3 Rd7 31. g4 fxg4 32. hxg4 Rd5 33. Rc7+ Rd7 34. Rc5 Kf6 35. Bd3 Ng6 36. Be4 Nf4 37. b4 Ne2+ 38. Kb2 Ng3 39. Bd3 Nh1 40. Rc8 Nf2 41. Kc3 Ke5 42. Rf8 Nxd3 43. cxd3 Rg7 44. Kd2 Rc7 45. a3 Kd4 1/2-1/2

[Event "XII Paracin Festival 2019"]
[Site "Paracin"]
[Date "2019.07.09"]
[Round "6.29"]
[White "Ozsoy, Alimert"]
[Black "Krasteva, Beloslava"]
[Result "1/2-1/2"]
[ECO "B94"]
[WhiteElo "2087"]
[BlackElo "2327"]
[Annotator "NA"]
[PlyCount "63"]
[EventDate "2019.07.05"]
[EventType "swiss"]
[EventCountry "SRB"]
[SourceTitle "playchess.com"]
[Source "ChessBase"]
[SourceQuality "1"]
[TimeControl "5400+30"]

1. e4 c5 2. Nf3 d6 3. d4 cxd4 4. Nxd4 Nf6 5. Nc3 a6 6. Bg5 Nbd7 7. Qe2 h6 8. Bh4 g6 9. O-O-O Qc7 10. f4 e5 11. fxe5 dxe5 12. Nb3 b5 13. Qf3 Bg7 14. Kb1 O-O 15. a3 Bb7 16. Bd3 Nh5 17. Be7 Rfe8 18. Bb4 Nf4 19. Rhf1 Nf6 20. Ba5 Qc6 21. g3 Nxd3 22. Qxd3 Rac8 23. Rfe1 Qc4 24. Bb4 Qxd3 25. Rxd3 Rcd8 26. Rxd8 Rxd8 27. Be7 Re8 28. Bb4 h5 29. Nc5 Bc8 30. Rd1 Bf8 31. Nd3 Bxb4 32. axb4 1/2-1/2

[Event "XII Paracin Festival 2019"]
[Site "Paracin"]
[Date "2019.07.09"]
[Round "6.30"]
[White "Rabrenovic, Vladan"]
[Black "Kanov, Nikola"]
[Result "1-0"]
[ECO "A61"]
[WhiteElo "2326"]
[BlackElo "1908"]
[Annotator "NA"]
[PlyCount "99"]
[EventDate "2019.07.05"]
[EventType "swiss"]
[EventCountry "SRB"]
[SourceTitle "playchess.com"]
[Source "ChessBase"]
[SourceQuality "1"]
[TimeControl "5400+30"]

1. d4 Nf6 2. c4 c5 3. d5 e6 4. Nc3 exd5 5. cxd5 d6 6. Nf3 g6 7. Bg5 Bg7 8. e4 O-O 9. Nd2 h6 10. Bh4 g5 11. Bg3 Na6 12. Be2 Nc7 13. a4 Rb8 14. Nc4 Nfe8 15. h4 f5 16. exf5 Bxf5 17. hxg5 hxg5 18. Ne3 Bg6 19. Bd3 Bxd3 20. Qxd3 Nf6 21. Qg6 Qe7 22. Qxg5 Rbe8 23. O-O-O Nfxd5 24. Rxd5 Nxd5 25. Qxd5+ Qe6 26. Qxb7 Rb8 27. Qd5 Qxd5 28. Nexd5 Rbe8 29. f3 Be5 30. Bxe5 Rxe5 31. f4 Re6 32. g4 Rfe8 33. Kd2 Rb8 34. Kc2 Kg7 35. b3 Ree8 36. g5 Rh8 37. Rxh8 Rxh8 38. Nb5 Kf7 39. f5 Rh2+ 40. Kd3 Rh3+ 41. Ke4 Rh4+ 42. Nf4 Rh1 43. Nxd6+ Ke7 44. Nc4 Rd1 45. f6+ Kf8 46. g6 Re1+ 47. Kd5 a5 48. Ne6+ Ke8 49. Ne5 Rd1+ 50. Kc6 1-0

[Event "XII Paracin Festival 2019"]
[Site "Paracin"]
[Date "2019.07.10"]
[Round "7.2"]
[White "Korpa, Bence"]
[Black "Peng, Xiongjian"]
[Result "1-0"]
[ECO "D02"]
[WhiteElo "2523"]
[BlackElo "2467"]
[Annotator "ChessBase"]
[PlyCount "85"]
[EventDate "2019.07.05"]
[EventType "swiss"]
[EventCountry "SRB"]
[SourceTitle "playchess.com"]
[Source "ChessBase"]
[SourceQuality "1"]
[TimeControl "5400+30"]

1. Nf3 d5 2. d4 Nf6 3. Bf4 e6 4. e3 Be7 5. Bd3 Nbd7 6. Nbd2 Nh5 7. Bg3 f5 8. Ng5 Bxg5 9. Bxc7 Qe7 10. Qxh5+ g6 11. Qe2 O-O 12. c3 Nc5 13. Be5 Nxd3+ 14. Qxd3 b6 15. f4 Bh6 16. Nf3 a5 17. h4 Qe8 18. h5 gxh5 19. Rh3 Ra7 20. Kf2 Bg7 21. Rah1 Qa4 22. a3 Bxe5 23. dxe5 Rff7 24. Rxh5 Rg7 25. Nd4 Ba6 26. Qd1 Qe8 27. Rh6 Rg6 28. Qh5 Rag7 29. Rxg6 Qxg6 30. Qxg6 Rxg6 31. Rh3 Kh8 32. Rg3 Rh6 33. Kg1 Bb7 34. b3 Ba6 35. b4 Bb7 36. a4 Bc8 37. bxa5 bxa5 38. Nc6 Rg6 39. Rxg6 hxg6 40. Nxa5 Kg7 41. Nc6 Kf7 42. a5 Ke8 43. Nb4 1-0

[Event "XII Paracin Festival 2019"]
[Site "Paracin"]
[Date "2019.07.10"]
[Round "7.3"]
[White "Song, Raymond"]
[Black "Kosic, Dragan"]
[Result "1-0"]
[ECO "C10"]
[WhiteElo "2456"]
[BlackElo "2482"]
[Annotator "ChessBase"]
[PlyCount "123"]
[EventDate "2019.07.05"]
[EventType "swiss"]
[EventCountry "SRB"]
[SourceTitle "playchess.com"]
[Source "ChessBase"]
[SourceQuality "1"]
[TimeControl "5400+30"]

1. e4 e6 2. d4 d5 3. Nc3 dxe4 4. Nxe4 Nd7 5. g3 Be7 6. Bg2 Ngf6 7. Nxf6+ Bxf6 8. Ne2 O-O 9. O-O Rb8 10. c4 b6 11. Qa4 a6 12. Bf4 e5 13. dxe5 Nxe5 14. Nc3 Bd7 15. Qc2 Ng6 16. Be3 Qc8 17. Nd5 Bd8 18. c5 bxc5 19. Bxc5 Re8 20. Rfe1 Rxe1+ 21. Rxe1 c6 22. Nc3 Bf6 23. Ne4 Bxb2 24. Nd6 Qd8 25. Nxf7 Qf6 26. Nd6 Qc3 27. Qxc3 Bxc3 28. Rc1 Ne5 29. h3 Bb2 30. Rd1 Be6 31. f4 Nf7 32. Re1 Bxa2 33. Nf5 Bf6 34. Ne7+ Bxe7 35. Rxe7 Bd5 36. Bf1 h5 37. Bd3 a5 38. Bg6 h4 39. gxh4 a4 40. h5 Ra8 41. Kf2 Nh6 42. Rc7 Be6 43. Ba3 Rb8 44. Ra7 Bxh3 45. Bd6 Rd8 46. Bc7 Rc8 47. Kg3 Be6 48. Be5 Nf7 49. Bc3 Bb3 50. f5 Rd8 51. f6 gxf6 52. Bxf6 Rb8 53. h6 Nxh6 54. Bh7+ Kf8 55. Bg7+ Ke8 56. Bxh6 Be6 57. Kf4 Rb5 58. Bg5 Bb3 59. Bg6+ Kf8 60. Bf6 Rb8 61. Bg7+ Kg8 62. Bh7+ 1-0

[Event "XII Paracin Festival 2019"]
[Site "Paracin"]
[Date "2019.07.10"]
[Round "7.4"]
[White "Lorparizangeneh, Shahin"]
[Black "Ratkovic, Milovan"]
[Result "1-0"]
[ECO "D07"]
[WhiteElo "2494"]
[BlackElo "2407"]
[Annotator "ChessBase"]
[PlyCount "65"]
[EventDate "2019.07.05"]
[EventType "swiss"]
[EventCountry "SRB"]
[SourceTitle "playchess.com"]
[Source "ChessBase"]
[SourceQuality "1"]
[TimeControl "5400+30"]

1. d4 d5 2. c4 Nc6 3. Nf3 Bg4 4. cxd5 Bxf3 5. gxf3 Qxd5 6. e3 e5 7. Nc3 Bb4 8. Bd2 Bxc3 9. bxc3 Qd6 10. Rb1 Nge7 11. Rxb7 O-O 12. Bd3 Ng6 13. h4 h5 14. Qa4 Rab8 15. Rb3 Rb6 16. Bc1 Qf6 17. Be4 Nce7 18. Ba3 Ra6 19. Qd7 exd4 20. cxd4 Re6 21. Qb5 c5 22. Bxc5 Nxh4 23. Bxe7 Qxe7 24. Qb7 Qf6 25. Rb5 g6 26. f4 Rd8 27. Re5 Rxe5 28. dxe5 Qe6 29. Rxh4 Qxa2 30. Qb1 Qa3 31. Ke2 Rc8 32. Rh1 Rc3 33. Kf3 1-0

[Event "XII Paracin Festival 2019"]
[Site "Paracin"]
[Date "2019.07.10"]
[Round "7.5"]
[White "Djordjevic, Vuk"]
[Black "Svetushkin, Dmitry"]
[Result "0-1"]
[ECO "A45"]
[WhiteElo "2412"]
[BlackElo "2528"]
[Annotator "ChessBase"]
[PlyCount "108"]
[EventDate "2019.07.05"]
[EventType "swiss"]
[EventCountry "SRB"]
[SourceTitle "playchess.com"]
[Source "ChessBase"]
[SourceQuality "1"]
[TimeControl "5400+30"]

1. d4 Nf6 2. Bg5 e6 3. e4 h6 4. Bxf6 Qxf6 5. Nf3 d6 6. Nc3 Nd7 7. Qd2 a6 8. O-O-O Qe7 9. h4 b5 10. h5 c5 11. Kb1 c4 12. g4 Nb6 13. Re1 Qc7 14. a3 Bd7 15. d5 e5 16. g5 a5 17. Na2 b4 18. Qe3 c3 19. bxc3 bxa3 20. Ka1 Rb8 21. g6 fxg6 22. hxg6 Be7 23. Rb1 Na4 24. Be2 Rb2 25. c4 Qc5 26. Qxc5 Nxc5 27. Rxb2 axb2+ 28. Kxb2 Nxe4 29. Nc3 Nxf2 30. Rf1 Ng4 31. Nd2 Nf6 32. Nde4 O-O 33. c5 Rb8+ 34. Ka2 Bh3 35. Rf2 dxc5 36. Bc4 Bd8 37. d6+ Kh8 38. Nxf6 gxf6 39. Rh2 Bf5 40. Rxh6+ Kg7 41. Rh7+ Kxg6 42. Rh2 Bg4 43. Nd5 Kg7 44. Rg2 f5 45. Be2 Kf7 46. Bxg4 fxg4 47. Rxg4 Ke6 48. Nc3 Kxd6 49. Rg6+ Kd7 50. Ne4 Be7 51. Ra6 Rb4 52. Nc3 Bd8 53. Rh6 Rd4 54. Nb5 Ra4+ 0-1

[Event "XII Paracin Festival 2019"]
[Site "Paracin"]
[Date "2019.07.10"]
[Round "7.6"]
[White "Baglan, Esat"]
[Black "Vishnu Prasanna. V"]
[Result "1/2-1/2"]
[ECO "C78"]
[WhiteElo "2336"]
[BlackElo "2505"]
[Annotator "ChessBase"]
[PlyCount "81"]
[EventDate "2019.07.05"]
[EventType "swiss"]
[EventCountry "SRB"]
[SourceTitle "playchess.com"]
[Source "ChessBase"]
[SourceQuality "1"]
[TimeControl "5400+30"]

1. e4 e5 2. Nf3 Nc6 3. Bb5 a6 4. Ba4 Nf6 5. O-O b5 6. Bb3 Bb7 7. d3 Be7 8. a4 O-O 9. Nc3 b4 10. Ne2 d5 11. exd5 Nxd5 12. Ng3 Qd7 13. Re1 Rae8 14. Bd2 Bc5 15. c3 Ba7 16. a5 bxc3 17. bxc3 Nf4 18. Bxf4 exf4 19. Ne4 Re7 20. Neg5 Rxe1+ 21. Qxe1 Nd8 22. Ne5 Qf5 23. Nexf7 Nxf7 24. Nxf7 Bd5 25. Bxd5 Qxd5 26. Ne5 Re8 27. d4 Bxd4 28. cxd4 Qxd4 29. Qd1 Qxe5 30. h3 h6 31. Qb3+ Kh8 32. Ra2 c5 33. Qc4 f3 34. Qxa6 Qe1+ 35. Kh2 fxg2 36. Kxg2 Re5 37. Qa8+ Kh7 38. Ra3 c4 39. Qc6 Rg5+ 40. Rg3 Rxg3+ 41. Kxg3 1/2-1/2

[Event "XII Paracin Festival 2019"]
[Site "Paracin"]
[Date "2019.07.10"]
[Round "7.8"]
[White "Ratkovic, Miloje"]
[Black "McPhillips, Joseph"]
[Result "1-0"]
[ECO "E97"]
[WhiteElo "2416"]
[BlackElo "2412"]
[Annotator "NA"]
[PlyCount "79"]
[EventDate "2019.07.05"]
[EventType "swiss"]
[EventCountry "SRB"]
[SourceTitle "playchess.com"]
[Source "ChessBase"]
[SourceQuality "1"]
[TimeControl "5400+30"]

1. Nf3 Nf6 2. c4 g6 3. Nc3 Bg7 4. d4 d6 5. e4 O-O 6. Be2 e5 7. O-O Nc6 8. d5 Ne7 9. b4 a5 10. bxa5 Rxa5 11. a4 c5 12. Ra3 Ne8 13. Nb5 Ra6 14. Bd2 f5 15. exf5 gxf5 16. g3 e4 17. Ng5 Ng6 18. f4 exf3 19. Bxf3 Nf6 20. Ne6 Bxe6 21. dxe6 Ne4 22. Bf4 Rf6 23. Bxe4 fxe4 24. Re3 Nxf4 25. gxf4 Rf5 26. Rxe4 Qe7 27. Kh1 h5 28. Rg1 Kh8 29. Nc7 Qxc7 30. e7 Ra8 31. e8=Q+ Rxe8 32. Rxe8+ Kh7 33. Qf3 Bd4 34. Qe4 Qc6 35. Rg5 Qxe4+ 36. Rxe4 Rf7 37. Rxh5+ Kg6 38. Rd5 Kf6 39. h4 Bg1 40. Kxg1 1-0

[Event "XII Paracin Festival 2019"]
[Site "Paracin"]
[Date "2019.07.10"]
[Round "7.9"]
[White "Perunovic, Milos"]
[Black "Koksal, Ege"]
[Result "1-0"]
[ECO "C84"]
[WhiteElo "2597"]
[BlackElo "2368"]
[Annotator "ChessBase"]
[PlyCount "71"]
[EventDate "2019.07.05"]
[EventType "swiss"]
[EventCountry "SRB"]
[SourceTitle "playchess.com"]
[Source "ChessBase"]
[SourceQuality "1"]
[TimeControl "5400+30"]

1. e4 e5 2. Nf3 Nc6 3. Bb5 a6 4. Ba4 Nf6 5. O-O Be7 6. d3 b5 7. Bb3 d6 8. a3 O-O 9. Nc3 Bg4 10. Be3 Nd4 11. Bxd4 exd4 12. Nd5 c6 13. h3 Bxf3 14. Nxe7+ Qxe7 15. Qxf3 Nd7 16. Qg3 Nc5 17. Ba2 Na4 18. Rab1 c5 19. f4 Rad8 20. Qf2 Kh8 21. Bb3 Nb6 22. Rbe1 Qd7 23. Ba2 Na4 24. e5 Qe7 25. b4 cxb4 26. axb4 Nc3 27. Bb3 dxe5 28. fxe5 Qxb4 29. Bxf7 Nd5 30. e6 Ne7 31. Qh4 a5 32. Re5 Rd5 33. Rxd5 Nxd5 34. Rf5 Nf6 35. Rxf6 Qe7 36. Rh6 1-0

[Event "XII Paracin Festival 2019"]
[Site "Paracin"]
[Date "2019.07.10"]
[Round "7.10"]
[White "Liu, Zhaoqi"]
[Black "Sanal, Vahap"]
[Result "0-1"]
[ECO "B14"]
[WhiteElo "2386"]
[BlackElo "2520"]
[Annotator "ChessBase"]
[PlyCount "94"]
[EventDate "2019.07.05"]
[EventType "swiss"]
[EventCountry "SRB"]
[SourceTitle "playchess.com"]
[Source "ChessBase"]
[SourceQuality "1"]
[TimeControl "5400+30"]

1. c4 c6 2. e4 d5 3. exd5 cxd5 4. d4 Nf6 5. Nc3 e6 6. Nf3 Be7 7. Bd3 O-O 8. cxd5 exd5 9. h3 Nc6 10. O-O h6 11. Bf4 Bd6 12. Be5 Be6 13. Rc1 Rc8 14. Bb1 Re8 15. Re1 Bf8 16. a3 Nd7 17. Bg3 g6 18. Ne2 Bg7 19. Nf4 Nf8 20. Ne5 Qb6 21. Nxe6 Rxe6 22. Ba2 Rd8 23. Qf3 Rf6 24. Qe3 Nxd4 25. Red1 Nfe6 26. b4 Rf5 27. Bb1 Rg5 28. Kh2 Bxe5 29. Bxe5 Nf3+ 30. Qxf3 Rxe5 31. Rd3 Rf5 32. Qe3 Rxf2 33. Qxh6 Nf4 34. Rg3 Qd6 35. Re1 Re2 36. Bxg6 fxg6 37. Rf1 Nh5 38. Qxg6+ Qxg6 39. Rxg6+ Ng7 40. h4 d4 41. h5 Re6 42. Rf2 Rxg6 43. hxg6 d3 44. Rd2 Nh5 45. g4 Nf6 46. Kg2 Ne4 47. Rd1 d2 0-1